 Dungeon Crawl Stone Soup version 0.19.5 (webtiles) character file.

228 McKennaii the Magician (level 5, -5/28 HPs)
             Began as a Deep Elf Fire Elementalist on May 18, 2017.
             Slain by an ice beast (12 damage)
             ... on level 5 of the Dungeon.
             The game lasted 00:09:11 (3179 turns).

McKennaii the Magician (Deep Elf Fire Elementalist) Turns: 3179, Time: 00:09:12

Health: -5/28      AC:  1    Str:  5    XL:     5   Next: 71%
Magic:  14/14      EV: 12    Int: 21    God:
Gold:   261        SH:  4    Dex: 15    Spells: 4 memorised, 3 levels left

rFire  + . .     SeeInvis .     (no weapon)
rCold  . . .     Gourm    .     C - +1 leather armour "Vomul" {rF+ Stlth+} (curse)
rNeg   . . .     Faith    .     (no shield)
rPois  .         Spirit   .     t - +0 helmet
rElec  .         Reflect  +     (no cloak)
rCorr  +         Harm     .     (no gloves)
MR     .....                    (no boots)
Stlth  +++.......               j - +4 amulet of reflection
                                (no ring)
                                v - ring of resist corrosion

@: corroded
A: no striking features
a: no special abilities


You were on level 5 of the Dungeon.
You were hungry.

You visited 1 branch of the dungeon, and saw 5 of its levels.

You collected 261 gold pieces.

Inventory:

Armour
 p - a +2 animal skin
 t - a +0 helmet (worn)
 C - the cursed +1 leather armour "Vomul" (worn) {rF+ Stlth+}
   (You found it on level 4 of the Dungeon)

   It protects you from fire.
   It makes you more stealthy.
   It has a curse placed upon it.
Jewellery
 j - a +4 amulet of reflection (around neck)
 v - a ring of resist corrosion (left hand)
Scrolls
 d - 2 scrolls of remove curse {unknown}
 f - 5 scrolls of teleportation {unknown}
 g - 6 scrolls of identify {unknown}
 l - 2 scrolls of blinking {unknown}
 m - 3 scrolls of magic mapping {unknown}
 n - 2 scrolls of recharging {unknown}
 r - a scroll of random uselessness {unknown}
 u - a scroll of enchant weapon {unknown}
 y - a scroll of fog {unknown}
 z - a scroll of enchant armour {unknown}
 A - a scroll of fear {unknown}
Potions
 a - a potion of mutation {unknown}
 e - 2 potions of lignification {unknown}
 h - 3 potions of flight {unknown}
 i - 2 potions of invisibility {unknown}
 q - a potion of degeneration {unknown}
 s - 2 potions of curing {unknown}
 w - a potion of might {unknown}
 B - 2 potions of brilliance {unknown}
Books
 b - a book of Flames

   Spells                             Type                      Level
   a - Flame Tongue                   Conjuration/Fire             1
   b - Throw Flame                    Conjuration/Fire             2
   c - Conjure Flame                  Conjuration/Fire             3
   d - Inner Flame                    Hexes/Fire                   3
   e - Sticky Flame                   Conjuration/Fire             4
   f - Fireball                       Conjuration/Fire             5
 x - a book of Cantrips

   Spells                             Type                      Level
   a - Confusing Touch                Hexes                        1
   b - Animate Skeleton               Necromancy                   1
   c - Summon Small Mammal            Summoning                    1
   d - Apportation                    Translocation                1
Comestibles
 c - 2 bread rations
 k - 4 beef jerkies
 o - 2 meat rations


   Skills:
 + Level 2.7 Dodging
 + Level 2.9 Stealth
 + Level 0.1 Unarmed Combat
 + Level 5.3 Spellcasting
 + Level 2.9 Conjurations
 + Level 4.9 Fire Magic


You had 3 spell levels left.
You knew the following spells:

 Your Spells              Type           Power        Failure   Level  Hunger
a - Flame Tongue          Conj/Fire      ###..        4%          1    None
b - Throw Flame           Conj/Fire      ###...       8%          2    None
c - Conjure Flame         Conj/Fire      ###.....     12%         3    ##.....
f - Fireball              Conj/Fire      ###.......   90%         5    #####..


Dungeon Overview and Level Annotations

Branches:
Dungeon (5/15)
 Temple: D:4-7

Altars:
Fedhas
Nemelex Xobeh
Okawaru
Qazlal


Message History

You block the ice beast's attack.
You hit the ice beast but do no damage. The jelly closely misses you.
The ice beast closely misses you.
You barely miss the ice beast. The jelly hits you.
You are splashed with acid!
The acid burns!
You resist.
The ice beast hits you but does no damage.
You completely miss the ice beast. The jelly hits you. The acid corrodes you!
You are splashed with acid!
The acid burns!
You resist. The ice beast hits you. The ice beast freezes you!
* * * LOW HITPOINT WARNING * * *
You are too injured to fight recklessly!
You are too injured to fight recklessly!
You are too injured to fight recklessly!
A jackal comes into view.
There is a stone staircase leading up here.
The jackal barks!
You hear a bark!
The ice beast hits you.
* * * LOW HITPOINT WARNING * * *
The ice beast freezes you!
You die...

#. #.## #..
####.. .....
#..#####
#......#...
#.JY.%..#
#.@.#..(#
#.#.# ..#
#h.%.. ##
h.......
...........
####.#...###
.. ...# #Z##


You could see an ice beast, a jelly, an adder zombie (wandering) and 2 jackals.

Vanquished Creatures
  A scorpion (D:4)
  Robin (D:2)
  8 adders
  An adder skeleton (D:4)
  A worm (D:3)
  2 leopard geckos
  10 orcs
  3 giant cockroaches (D:1)
  9 hobgoblins
  8 jackals
  4 quokkas
  11 bats
  2 frilled lizards
  8 goblins
  2 kobolds
  10 rats
81 creatures vanquished.

Notes
Turn   | Place    | Note
-------+----------+-------------------------------------------
     0 | D:1      | McKennaii the Deep Elf Fire Elementalist began the quest for the Orb.
     0 | D:1      | Reached XP level 1. HP: 10/10 MP: 6/6
   465 | D:1      | Reached XP level 2. HP: 15/15 MP: 6/8
   626 | D:1      | Found an iron altar of Okawaru.
  1052 | D:2      | Reached XP level 3. HP: 19/19 MP: 1/10
  1269 | D:2      | Learned a level 2 spell: Throw Flame
  1273 | D:2      | Learned a level 3 spell: Conjure Flame
  1304 | D:2      | Found a faded altar of an unknown god.
  1304 | D:2      | Found a faded altar of an unknown god.
  1309 | D:2      | Found a faded altar of an unknown god.
  1311 | D:2      | Found a faded altar of an unknown god.
  1312 | D:2      | Found a stormy altar of Qazlal.
  1577 | D:2      | Reached skill level 4 in Spellcasting
  1580 | D:2      | Noticed Robin
  1638 | D:2      | Reached XP level 4. HP: 24/24 MP: 0/12
  1678 | D:2      | Killed Robin
  2455 | D:3      | Found a blossoming altar of Fedhas.
  2476 | D:3      | Reached XP level 5. HP: 28/28 MP: 10/13
  2657 | D:3      | Learned a level 5 spell: Fireball
  2979 | D:4      | Reached skill level 5 in Spellcasting
  3027 | D:4      | Found a sparkling altar of Nemelex Xobeh.
  3138 | D:4      | Got a heavily runed leather armour
  3157 | D:4      | Identified the cursed +1 leather armour "Vomul" {rF+ Stlth+} (You found it on level 4 of the Dungeon)
  3170 | D:5      | Entered Level 5 of the Dungeon
  3170 | D:5      | Noticed an ice beast
  3179 | D:5      | Slain by an ice beast

Skill      XL: |  1  2  3  4  5 |
---------------+----------------+-----
Fire Magic     | 4 |  4.9
Conjurations   | 2 |  2.9
Spellcasting   | 4 5 |  5.3
Dodging        | |  2.7
Stealth        | |  2.9
Unarmed Combat | |  0.1

Action                   |  1- 3 |  4- 6 || total
-------------------------+-------+-------++-------
Melee: Unarmed           |     4 |     6 ||    10
 Cast: Flame Tongue      |    86 |    76 ||   162
       Throw Flame       |       |     4 ||     4
 Stab: Sleeping          |       |     1 ||     1
  Eat: Chunk             |     2 |     4 ||     6
Armor: Robe              |    11 |       ||    11
       Animal skin       |       |     4 ||     4
       Leather armour    |       |     3 ||     3
Dodge: Dodged            |    38 |    23 ||    61
Block: Other             |     6 |     7 ||    13
